 Dungeon Crawl Stone Soup version 0.18.1-8-gdd0e5ea (webtiles) character file.

29 Jersh the Sneak (level 3, -3/16 HPs)
             Began as a Vine Stalker Enchanter on June 11, 2016.
             Was an Initiate of Nemelex Xobeh.
             Slain by a worm (7 damage)
             ... on level 2 of the Dungeon.
             The game lasted 00:05:15 (427 turns).

Jersh the Sneak (Vine Stalker Enchanter)             Turns: 427, Time: 00:05:16

Health: -3/16      AC:  3    Str: 10    XL:     3   Next: 16%
Magic:  0/7        EV: 12    Int: 16    God:    Nemelex Xobeh [......]
Gold:   40         SH:  0    Dex: 14    Spells: 1 memorised, 5 levels left

rFire  . . .     SeeInvis .     a - +1 dagger
rCold  . . .     Gourm    .     b - +1 robe
rNeg   . . .     Faith    .     (no shield)
rPois  .         Spirit   +     (no helmet)
rElec  .         Dismiss  .     (no cloak)
rCorr  .         Reflect  .     (no gloves)
SustAt .         Harm     .     (no boots)
MR     .....                    (no amulet)
Stlth  +++.......               (no ring)
                                (no ring)

@: lethally poisoned (-3 -> -4), not resistant to hostile enchantments, fairly
stealthy
A: fangs 2, regeneration 1, magic shield, antimagic bite, no device heal 3, rot
immunity
a: Renounce Religion


You were on level 2 of the Dungeon.
You worshipped Nemelex Xobeh.
Nemelex Xobeh was noncommittal.
You were not hungry.

You visited 1 branch of the dungeon, and saw 2 of its levels.

You collected 40 gold pieces.

Inventory:

Hand Weapons
 a - a +1 dagger (weapon)
Armour
 b - a +1 robe (worn)
Scrolls
 e - 2 scrolls of teleportation
 h - a scroll of remove curse {unknown}
Books
 c - a book of Maledictions

   Spells                             Type                      Level
   a - Corona                         Hexes                        1
   b - Ensorcelled Hibernation        Hexes/Ice                    2
   c - Confuse                        Hexes                        3
   d - Tukima's Dance                 Hexes                        3
   e - Dazzling Spray                 Conjuration/Hexes            3
Comestibles
 d - a bread ration
 g - a slice of pizza


   Skills:
 + Level 0.8 Short Blades
 + Level 1.7 Dodging
 + Level 4.4 Stealth
 + Level 2.3 Spellcasting
 + Level 3.4 Hexes


You had 5 spell levels left.
You knew the following spells:

 Your Spells              Type           Power        Failure   Level  Hunger
a - Corona                Hex            ##.....      6%          1    #......


Dungeon Overview and Level Annotations

Branches:
Dungeon (2/15)

Altars:
Gozag
Nemelex Xobeh


Innate Abilities, Weirdness & Mutations

You have extremely sharp teeth.
Your natural rate of healing is unusually fast.
When hurt, damage is shared between your health and your magic reserves.
Your bite disrupts and absorbs the magic of your enemies.
Potions and wands cannot restore your health.
You are immune to rotting.


Message History

You hit the worm.
The worm is severely wounded.
The worm bites you!
You hit the worm.
The worm is severely wounded.
You feel sick. The worm closely misses you.
You hit the worm.
The worm is severely wounded.
You hit the worm.
The worm is almost dead.
The worm bites you!
* * * LOW HITPOINT WARNING * * *
You hit the worm but do no damage.
The worm is almost dead.
You barely miss the worm. You bite the worm. You drain its power.
You feel invigorated.
The worm is almost dead.
The worm bites you!
You die...
Your body disappears without a glow.

#.............#.#
#............<#.#
#.......#######.#
#...........
#......#####
#......# #......#
#.#.#### #@#.#
......(w#..
.......(####
....(....
.........
.......###
....... .......


You could see a worm.

Vanquished Creatures
  An adder (D:2)
  A worm (D:2)
  A giant gecko (D:1)
  4 bats
  2 giant cockroaches
  A goblin (D:2)
  A kobold (D:2)
  A giant newt (D:1)
  4 rats
16 creatures vanquished.

Notes
Turn   | Place    | Note
--------------------------------------------------------------
     0 | D:1      | Jersh the Vine Stalker Enchanter began the quest for the Orb.
     0 | D:1      | Reached XP level 1. HP: 9/9 MP: 4/4
   191 | D:1      | Reached skill level 4 in Stealth
   191 | D:1      | Reached XP level 2. HP: 13/13 MP: 6/6
   275 | D:2      | Found an opulent altar of Gozag.
   275 | D:2      | Found a sparkling altar of Nemelex Xobeh.
   295 | D:2      | Became a worshipper of Nemelex Xobeh the Trickster
   418 | D:2      | Reached XP level 3. HP: 13/16 MP: 5/7
   427 | D:2      | Slain by a worm

Skill      XL: |  1 |
---------------+----+-----
Stealth        | 4 |  4.4
Short Blades   | |  0.8
Dodging        | |  1.7
Spellcasting   | |  2.3
Hexes          | |  3.4

Action                   || total
-------------------------++-------
Melee: Dagger            ||    59
       Bite              ||    13
Throw: Javelin           ||    11
  Use: Scroll            ||     2
       Potion            ||     1
 Stab: Sleeping          ||     4
Armor: Robe              ||    10
Dodge: Dodged            ||    27
